 Dungeon Crawl Stone Soup version 0.29.1-15-g9cfb28693d (webtiles) character file.

Game seed: 2358907186930867876

2195 unlimited1921 the Thaumaturge (level 9, -9/62 HPs)
             Began as a Djinni Fire Elementalist on May 14, 2023.
             Was an Initiate of Ashenzari.
             Killed from afar by Dowan (25 damage)
             ... with a shard of ice
             ... on level 6 of the Dungeon.
             The game lasted 00:37:39 (15529 turns).

unlimited1921 the Thaumaturge (DjFE)               Turns: 15529, Time: 00:37:40

Health: -9/62      AC:  7    Str:  4    XL:     9   Next: 59%
Gold:   410        EV: 13    Int: 21    God:    Ashenzari [......] SH:  0 Dex: 20

rFire   + + .      SeeInvis .   h - +3 dagger "Paranoia of Ashenzari" {venom, Cun, Evo} (curse)
rCold   x . .      Faith    .   (no shield)
rNeg    . . .      Spirit   .   B - +3 leather armour "Qaol" {rCorr Str-5 Int+2 Dex+6}
rPois   ∞          Reflect  .   (no helmet)
rElec   .          Harm     +   y - scarf {harm}
rCorr   +          Rampage  .   (no gloves)
Will    .....                   (boots unavailable)
Stlth   +++.......              (no amulet)
HPRegen 0.20/turn               (no ring)
MPRegen 0.00/turn               (no ring)

@: flying
A: sickness immunity, fire resistance 2, cold vulnerability 1, float, innate
caster, HP casting, extra vitality 1, robust 1, screaming 1, shaggy fur 1
a: Renounce Religion, Curse Item, Shatter the Chains


You were on level 6 of the Dungeon.
You worshipped Ashenzari.
Ashenzari was noncommittal.
You visited 2 branches of the dungeon, and saw 8 of its levels.

You collected 410 gold pieces.

Inventory:

Hand Weapons
 h - the cursed +3 dagger "Paranoia of Ashenzari" (weapon) {venom, Cun, Evo}
   (You took it off a goblin on level 1 of the Dungeon)

   It poisons the flesh of those it strikes.
   It has a curse which improves the following skills: Cunning: Dodging and
   Stealth.
   Evocations: Evocations.
 C - a +2 short sword of venom
 D - a +2 dagger of draining
 F - a +0 flail of draining
Missiles
 c - 19 poisoned darts
Armour
 a - a +0 robe
 j - a +0 tower shield
 t - a +2 leather armour of fire resistance
 y - a scarf of harm (worn)
 B - the +3 leather armour "Qaol" (worn) {rCorr Str-5 Int+2 Dex+6}
   (You found it on level 5 of the Dungeon)

   Str:       It affects your strength (-5).
   Int:       It affects your intelligence (+2).
   Dex:       It affects your dexterity (+6).
   rCorr:     It protects you from acid and corrosion.
Wands
 u - a wand of acid (14)
Scrolls
 d - 4 scrolls of fear {unknown}
 f - 3 scrolls of butterflies {unknown}
 i - 2 scrolls of enchant weapon
 m - 2 scrolls of blinking
 o - 3 scrolls of summoning
 p - 8 scrolls of teleportation
 s - 4 scrolls of poison
 w - a scroll of magic mapping
 x - 2 scrolls of enchant armour
Potions
 b - 2 potions of curing {unknown}
 e - a potion of magic {unknown}
 k - a potion of invisibility {unknown}
 l - 3 potions of mutation
 n - 2 potions of cancellation {unknown}
 q - 2 potions of lignification {unknown}
 r - 3 potions of heal wounds
 v - 2 potions of brilliance {unknown}
 z - 3 potions of berserk rage {unknown}
 A - a potion of degeneration {unknown}
 E - 2 potions of attraction {unknown}


   Skills:
 + Level 1.5 Fighting
 + Level 1.3 Short Blades
 + Level 4.1 Armour
 + Level 3.2(3.6) Dodging
 + Level 3.5(3.9) Stealth
 + Level 8.2 Spellcasting


You had one spell level left.
You knew the following spells:

 Your Spells              Type           Power      Damage    Failure   Level
a - Foxfire               Conj/Fire      100%       2x1d9     1%          1
b - Scorch                Fire           86%        2d9       1%          2
c - Conjure Flame         Conj/Fire      43%        6-21      1%          3
d - Inner Flame           Hex/Fire       43%        N/A       1%          3
e - Flame Wave            Conj/Fire      43%        2d11      4%          4
f - Shock                 Conj/Air       100%       1d9       1%          1
g - Blink                 Tloc           86%        N/A       1%          2
h - Call Canine Familiar  Summ           43%        N/A       1%          3
i - Iskenderun's Mystic   Conj/Tloc      43%        2d10      4%          4
Your spell library was empty.

Dungeon Overview and Level Annotations

Branches:
Dungeon (7/15)             Temple (1/1) D:7

Altars:
Ashenzari
Dithmenos
Fedhas
Gozag
Hepliaklqana
Makhleb
Nemelex Xobeh
Okawaru
Qazlal
Ru
Trog
Uskayaw
Xom
The Shining One
Lugonu

Annotations:
D:6 Dowan


Innate Abilities, Weirdness & Mutations

You are immune to sickness and miasma.
You are immune to poison.
Your flesh is very heat resistant. (rF++)
You are vulnerable to cold. (rC-)
You float through the air rather than walking.
You learn spells naturally, not from books.
Your magical power is your life essence.
You have superior vitality. (+4 MHP)
You are robust. (+10% HP)
You occasionally shout uncontrollably at your foes.
You are covered in fur. (AC +1)


Message History

You are still too unstable to blink.
Casting: Blink (safe; 1% risk of failure)
Confirm with . or Enter, or press ? or * to list all spells.
You erupt in a blast of force!
The mystic blast hits Duvessa but does no damage.
Duvessa is lightly wounded.
Duvessa misses you.
Casting: Iskenderun's Mystic Blast (dangerous; 4% risk of failure)
Confirm with . or Enter, or press ? or * to list all spells.
You erupt in a blast of force!
The mystic blast hits Duvessa.
Flame seeps out of Duvessa.
Duvessa is lightly wounded.
Duvessa is knocked back by the mystic blast.
Duvessa slams into the rock wall!
Flame seeps out of Duvessa.
Duvessa is moderately wounded.
You feel stable enough to blink again.
Casting: Iskenderun's Mystic Blast (dangerous; 4% risk of failure)
Confirm with . or Enter, or press ? or * to list all spells.
Flames lash Duvessa.
Flame seeps out of Duvessa.
Duvessa is severely wounded.
Duvessa's fire resistance burns away.
* * * LOW HITPOINT WARNING * * *
Duvessa is engulfed in blazing flames.
You hear a distant wail of despair.
Duvessa explodes!
Dowan, Brother of Duvessa comes into view.
He is wielding a +0 dagger and wearing a +2 robe of the Archmagi.
Dowan seems to find hidden reserves of power!
Dowan points at you and mumbles some strange words.
The shard of ice misses you.
Dowan points at you and mumbles some strange words.
The shard of ice misses you.
There is a stone staircase leading down here.
Casting: Scorch (safe; 1% risk of failure)
Confirm with . or Enter, or press ? or * to list all spells.
You erupt in a blast of force!
The mystic blast hits Dowan!!
Dowan is almost dead.
Dowan is knocked back by the mystic blast.
* * * LOW HITPOINT WARNING * * *
Dowan casts a spell at you. The shard of ice hits you!!
You feel a painful chill!
You die...

#.#.##.###.....##.#..<#
#.......##......#.#...#
###.##..>.......#.##.## #
#.#.....#...#.#.##.# #
####...............##.# #
##....#.....##...#.###.#
###.###.......##.........#
....# #.###.#.##..#.#####
.##.###.# ###...@...#
.###...## ####.#### .#
###.# #e# .# #.# ##.##
.#####.# #)..# .......##
#☼§.# ........# #)..#
#.#.#.#.# #####.§.####..#
....O.#.###.......)..)#


You could see Dowan (fast).

Vanquished Creatures
  Sigmund (D:4)
  2 steam dragons
  Menkaure (D:6)
  Duvessa (D:6)
  A water moccasin (D:6)
  A black bear (D:4)
  An ogre (D:6)
  A centaur (D:4)
  2 phantoms
  2 kobold brigands
  A necrophage (D:6)
  4 scorpions
  A centaur zombie (D:5)
  A jelly (D:6)
  2 hounds (D:7)
  3 orc priests
  4 iguanas
  2 orc wizards
  4 gnolls (D:3)
  5 adders
  A howler monkey skeleton (D:5)
  2 white imps
  A nameless horror (D:5)
  3 worms
  The ghost of monsoonserge the Sneak, a weakling TrDe (D:5)
  A dart slug (D:4)
  23 orcs
  9 endoplasms
  6 giant cockroaches
  6 goblins
  6 hobgoblins
  3 jackals (D:2)
  7 quokkas
  9 ball pythons
  6 bats
  5 frilled lizards
  16 kobolds
  5 rats
  A spectral goblin (D:7)
151 creatures vanquished.

Vanquished Creatures (others)
  A wizard (D:3)
  2 demonic plants (Temple)
  554 foxfires
557 creatures vanquished.

Grand Total: 708 creatures vanquished

Notes
Turn   | Place    | Note
-------+----------+-------------------------------------------
     0 | D:1      | unlimited1921 the Djinni Fire Elementalist began the quest
                  | for the Orb.
     0 | D:1      | unlimited1921 set off with the following spells memorised:
                  | Foxfire, Scorch, Conjure Flame, Inner Flame, Flame Wave.
     0 | D:1      | Reached XP level 1. HP: 15/15 MP: 0/0
   574 | D:1      | Reached XP level 2. HP: 17/21 MP: 0/0
  2224 | D:1      | Reached skill level 3 in Spellcasting
  2386 | D:1      | Reached XP level 3. HP: 14/25 MP: 0/0
  2386 | D:1      | Learned a level 1 spell: Shock
  4661 | D:2      | Reached XP level 4. HP: 28/31 MP: 0/0
  7340 | D:2      | Found an iron altar of Okawaru.
  8079 | D:3      | Reached XP level 5. HP: 28/35 MP: 0/0
  8079 | D:3      | Learned a level 2 spell: Blink
  8082 | D:3      | Reached skill level 4 in Spellcasting
  8149 | D:3      | Found a faded altar of an unknown god.
  8255 | D:3      | Found a sacrificial altar of Ru.
  8715 | D:3      | Found a broken altar of Ashenzari.
  8715 | D:3      | Found an opulent altar of Gozag.
  8725 | D:3      | Became a worshipper of Ashenzari the Shackled
  9039 | D:3      | Found a bloodstained altar of Trog.
  9046 | D:3      | Noticed a wizard
  9049 | D:3      | Killed a wizard
  9191 | D:3      | Gained mutation: You are robust. (+10% HP) [potion of
                  | mutation]
  9191 | D:3      | Gained mutation: You occasionally shout uncontrollably at
                  | your foes. [potion of mutation]
  9191 | D:3      | Gained mutation: You are covered in fur. (AC +1) [potion of
                  | mutation]
  9245 | D:4      | Noticed Sigmund
  9760 | D:4      | Noticed a phantom
  9808 | D:4      | Reached XP level 6. HP: 13/44 MP: 0/0
  9970 | D:4      | Reached skill level 1 in Armour
 10233 | D:4      | Noticed a black bear
 10236 | D:4      | Killed a black bear
 10237 | D:4      | Reached XP level 7. HP: 38/50 MP: 0/0
 10237 | D:4      | Learned a level 3 spell: Call Canine Familiar
 10561 | D:4      | Killed Sigmund
 10562 | D:4      | Reached skill level 5 in Spellcasting
 10788 | D:4      | Found a shadowy altar of Dithmenos.
 11154 | D:5      | Entered Level 5 of the Dungeon
 11356 | D:5      | Reached XP level 8. HP: 53/56 MP: 0/0
 11663 | D:5      | Reached skill level 1 in Fighting
 11663 | D:5      | Reached skill level 6 in Spellcasting
 11895 | D:5      | Identified the +3 leather armour "Qaol" {rCorr Str-5 Int+2
                  | Dex+6}
 12009 | D:5      | Reached skill level 1 in Short Blades
 12052 | D:5      | Found a runed translucent gate.
 12053 | D:5      | Found a runed translucent gate.
 12054 | D:5      | Found a runed translucent gate.
 12057 | D:5      | Noticed monsoonserge's ghost (weakling TrDe)
 12850 | D:5      | Killed monsoonserge's ghost
 13202 | D:6      | Reached skill level 7 in Spellcasting
 13202 | D:6      | Reached XP level 9. HP: 42/62 MP: 0/0
 13202 | D:6      | Learned a level 4 spell: Iskenderun's Mystic Blast
 13416 | D:6      | Noticed Menkaure
 13420 | D:6      | Killed Menkaure
 14200 | D:7      | Found a staircase to the Ecumenical Temple.
 14770 | D:7      | Reached skill level 8 in Spellcasting
 15132 | D:7      | Found a hazy altar of Hepliaklqana.
 15390 | Temple   | Entered the Ecumenical Temple
 15505 | D:6      | Noticed Duvessa
 15522 | D:6      | Killed Duvessa
 15522 | D:6      | Noticed Dowan
 15529 | D:6      | Killed from afar by Dowan

Illustrated notes

Levels and vault maps discovered:
D:1:      amcnicky_arrival_choice, layout_loops_ring
D:2:      layout_loops_corners, basic_altar, minivault_5, minmay_close_crescents
D:3:      layout_loops_cross, nicolae_ru_awakened_eye, trog_wizard,
          nicolae_overflow_two_pavilions, nicolae_ecumenical_pavilion
D:4:      layout_rooms, mainiacjoe_overflow_surrounded_room,
          hangedman_decor_slide_cut, kennysheep_windowed_goal, uniq_sigmund
D:5:      layout_cave_pods, gammafunk_ghost_necromancy,
          chequers_serial_rivers_micro_e, feat_on_display
D:6:      layout_loops_cross, okawaru_gym_becter, lightli_church_of_beogh,
          uniq_duvessa, uniq_menkaure
D:7:      layout_basic, nicolae_hepliaklqana_monster_ancestors,
          minmay_temple_entry_junction
Temple:   corrupted_temple

Skill      XL: |  1  2  3  4  5  6  7  8  9 |
---------------+----------------------------+-----
Spellcasting   | 3 4 5 7 8 |  8.2
Stealth        | 2 3 |  3.5
Armour         | 1 2 3 4 |  4.1
Fighting       | 1 |  1.5
Short Blades   | 1 |  1.3
Dodging        | 3 |  3.2

Action                   |  1- 3 |  4- 6 |  7- 9 || total
-------------------------+-------+-------+-------++-------
Melee: Dagger            |     2 |       |     5 ||     7
 Cast: Foxfire           |    98 |   139 |   128 ||   365
       Inner Flame       |       |     6 |    31 ||    37
       Scorch            |       |     9 |    17 ||    26
       Shock             |       |     2 |     2 ||     4
       Iskenderun's Myst |       |       |     4 ||     4
       Blink             |       |       |     1 ||     1
Invok: Curse Item        |       |       |     1 ||     1
  Use: Scroll            |       |     8 |     3 ||    11
       Potion            |       |     1 |     1 ||     2
Armor: Robe              |     4 |       |       ||     4
       Leather armour    |       |    11 |    18 ||    29
Dodge: Dodged            |    12 |    21 |    21 ||    54
